PINL
OGDEN SPIKES @ WILLISTON WATER WOLVES
08/20/1976
 
TOP OF THE 1ST
Ogden Spikes batting - Pitching for Williston Water Wolves : LHP Steven Sitek
Pitching: LHP Steven Sitek
Batting: RHB George Goodrich 0-0: Ball
1-0: Foul Ball, location: 2F
1-1: Foul Ball, location: 2F
1-2: SINGLE (Groundball, 56S) (infield hit)
Batting: RHB Craig Landis 0-0: Swinging Strike
0-1: Ball
1-1: Ball
2-1: Foul Ball, location: 2F
2-2: Fly out, F7 (Flyball, 7S)
Batting: LHB Mike Scioscia 0-0: Swinging Strike
0-1: Ground out U3 (Groundball, 3)
George Goodrich to second
Batting: LHB Sal Rende 0-0: Ball
1-0: Ball
Wild Pitch!
George Goodrich to third
2-0: Foul Ball, location: 2F
2-1: Foul Ball, location: 2F
2-2: Ground out 6-3 (Groundball, 6)
Top of the 1st over - 0 runs, 1 hit, 0 errors, 1 left on base; Ogden 0 - Williston 0
BOTTOM OF THE 1ST
Williston Water Wolves batting - Pitching for Ogden Spikes : LHP Gregory Eastin
Pitching: LHP Gregory Eastin
Batting: RHB Randall Thomas 0-0: Called Strike
0-1: Ball
1-1: Foul Ball, location: 2F
1-2: Ground out 6-3 (Groundball, 6)
Batting: LHB John Skorochocki 0-0: Ball
1-0: Ball
2-0: Foul Ball, location: 2F
2-1: Ball
3-1: Base on Balls
Batting: RHB James Christensen 0-0: Grounds into double play, 4-6-3 (Groundball, 4D)
Bottom of the 1st over - 0 runs, 0 hits, 0 errors, 0 left on base; Ogden 0 - Williston 0
TOP OF THE 2ND
Ogden Spikes batting - Pitching for Williston Water Wolves : LHP Steven Sitek
Batting: LHB Leon Durham 0-0: Foul Ball, location: 2F
0-1: Ball
1-1: Fly out, F4 (Popup, 4)
Batting: RHB Dennis Littlejohn 0-0: Ball
1-0: Foul Ball, location: 2F
1-1: Foul Ball, location: 2F
1-2: Ball
2-2: Ball
3-2: Base on Balls
Batting: LHB Andres Romero 0-0: Called Strike
0-1: Ball
1-1: Fly out, F8 (Flyball, 78D)
Batting: RHB Gary Bozich 0-0: Called Strike
0-1: Ball
1-1: Swinging Strike
1-2: Ball
2-2: Fielders Choice at 2nd, 6-4 (Groundball, 6)
Top of the 2nd over - 0 runs, 0 hits, 0 errors, 1 left on base; Ogden 0 - Williston 0
BOTTOM OF THE 2ND
Williston Water Wolves batting - Pitching for Ogden Spikes : LHP Gregory Eastin
Batting: RHB Daniel Morales 0-0: Ball
1-0: Ball
2-0: Called Strike
2-1: Ground out 6-3 (Groundball, 6)
Batting: RHB Wynn Sherman 0-0: Swinging Strike
0-1: Ball
1-1: Ball
2-1: Ball
3-1: Called Strike
3-2: Base on Balls
Batting: RHB Rick Patterson 0-0: Ball
1-0: Swinging Strike
1-1: Ball
2-1: Foul Ball, location: 2F
2-2: Ball
3-2: SINGLE (Groundball, 34D)
Wynn Sherman to second
Runner from 2nd tries for 3rd, SAFE, no throw by RF
Batting: LHB Jesus Sandoval 0-0: Ball
1-0: Called Strike
1-1: Foul Ball, location: 2F
1-2: Ball
2-2: Reached on error, E5 (Groundball, 56)
Wynn Sherman scores
Rick Patterson to second
Batting: RHB Juan Alvarez 0-0: Fly out, F8 (Flyball, 8LD)
Runner from 2nd tags up, SAFE at 3rd with throw by CF
Batting: LHB Armando Ortiz 0-0: Ball
1-0: Ball
2-0: Ball
3-0: Called Strike
3-1: Fly out, F7 (Flyball, 7S)
Bottom of the 2nd over - 1 run, 1 hit, 1 error, 2 left on base; Ogden 0 - Williston 1
TOP OF THE 3RD
Ogden Spikes batting - Pitching for Williston Water Wolves : LHP Steven Sitek
Batting: RHB Kalvin Adams 0-0: Ball
1-0: Swinging Strike
1-1: Ball
2-1: Called Strike
2-2: Fly out, F9 (Line Drive, 9)
Batting: RHB George Goodrich 0-0: Ball
1-0: Ball
2-0: Called Strike
2-1: Ball
3-1: Base on Balls
Batting: RHB Craig Landis 0-0: Called Strike
0-1: Ball
1-1: SINGLE (Groundball, 34D)
George Goodrich to second
Runner from 2nd tries for 3rd, SAFE, throw by RF made to third
Batting: LHB Mike Scioscia 0-0: Ball
1-0: Ball
2-0: Ball
3-0: Base on Balls
Craig Landis to second
Batting: LHB Sal Rende 0-0: Foul Ball, location: 2F
0-1: Ball
1-1: GRAND SLAM HOME RUN (Flyball, 7LD), Distance : 334 ft
Batting: LHB Leon Durham 0-0: Foul Ball, location: 2F
0-1: Ball
1-1: Ground out 1-3 (Groundball, 34S)
Batting: RHB Dennis Littlejohn 0-0: Swinging Strike
0-1: Foul Ball, location: 2F
0-2: Ball
1-2: Ball
2-2: Foul Ball, location: 2F
2-2: SINGLE (Line Drive, 4D)
Batting: LHB Andres Romero 0-0: Foul Ball, location: 2F
0-1: Ball
1-1: Swinging Strike
1-2: Foul Ball, location: 2F
1-2: Ball
2-2: DOUBLE (Line Drive, 7LM)
Dennis Littlejohn to third
Runner from 3rd tries for Home, SAFE, no throw by LF
Batting: RHB Gary Bozich 0-0: Ball
1-0: Ball
2-0: Ground out 5-3 (Groundball, 56S)
Top of the 3rd over - 5 runs, 4 hits, 0 errors, 1 left on base; Ogden 5 - Williston 1
BOTTOM OF THE 3RD
Williston Water Wolves batting - Pitching for Ogden Spikes : LHP Gregory Eastin
Batting: RHB Randall Thomas 0-0: Fly out, F9 (Flyball, 9S)
Batting: LHB John Skorochocki 0-0: Ground out 5-3 (Groundball, 56S)
Batting: RHB James Christensen 0-0: Ball
1-0: Ground out 4-3 (Groundball, 4)
Bottom of the 3rd over - 0 runs, 0 hits, 0 errors, 0 left on base; Ogden 5 - Williston 1
TOP OF THE 4TH
Ogden Spikes batting - Pitching for Williston Water Wolves : LHP Steven Sitek
Batting: RHB Kalvin Adams 0-0: Called Strike
0-1: Ball
1-1: Called Strike
1-2: Ball
2-2: Ball
3-2: Base on Balls
Batting: RHB George Goodrich 0-0: Fielders Choice at 2nd, 2-4 (Groundball, 15S)
Batting: RHB Craig Landis 0-0: Called Strike
0-1: Called Strike
George Goodrich steals 2nd base
0-2: Strikes out swinging
Batting: LHB Mike Scioscia 0-0: Called Strike
George Goodrich is caught stealing 3rd base 2-5
Top of the 4th over - 0 runs, 0 hits, 0 errors, 0 left on base; Ogden 5 - Williston 1
BOTTOM OF THE 4TH
Williston Water Wolves batting - Pitching for Ogden Spikes : LHP Gregory Eastin
Batting: RHB Daniel Morales 0-0: Ball
1-0: Ball
2-0: Ball
3-0: Base on Balls
Batting: RHB Wynn Sherman 0-0: Ball
1-0: Ball
2-0: Called Strike
2-1: Ball
3-1: Foul Ball, location: 2F
3-2: Grounds into double play, 1-6-3 (Groundball, 13S)
Batting: RHB Rick Patterson 0-0: Ball
1-0: DOUBLE (Groundball, 5L)
Batting: LHB Jesus Sandoval 0-0: Ball
1-0: Fly out, F8 (Flyball, 8LM)
Bottom of the 4th over - 0 runs, 1 hit, 0 errors, 1 left on base; Ogden 5 - Williston 1
TOP OF THE 5TH
Ogden Spikes batting - Pitching for Williston Water Wolves : LHP Steven Sitek
Batting: LHB Mike Scioscia 0-0: Foul Ball, location: 2F
0-1: Ball
1-1: Ball
2-1: Called Strike
2-2: Fly out, F8 (Line Drive, 8RM)
Batting: LHB Sal Rende 0-0: Ball
1-0: Ball
2-0: SOLO HOME RUN (Flyball, 7D), Distance : 386 ft
Batting: LHB Leon Durham 0-0: Ground out 1-3 (Groundball, 34S)
Batting: RHB Dennis Littlejohn 0-0: Ball
1-0: Foul Ball, location: 2F
1-1: Ball
2-1: Foul Ball, location: 2F
2-2: Ball
3-2: SINGLE (Groundball, 4D)
Batting: LHB Andres Romero 0-0: Ball
1-0: DOUBLE (Flyball, 78D)
Dennis Littlejohn to third
Runner from 3rd tries for Home, SAFE, throw by LF to home
Batting: RHB Gary Bozich 0-0: Fly out, F7 (Flyball, 7LM)
Top of the 5th over - 2 runs, 3 hits, 0 errors, 1 left on base; Ogden 7 - Williston 1
BOTTOM OF THE 5TH
Williston Water Wolves batting - Pitching for Ogden Spikes : LHP Gregory Eastin
Batting: RHB Juan Alvarez 0-0: Called Strike
0-1: Ball
1-1: Fly out, F6 (Line Drive, 6)
Batting: LHB Armando Ortiz 0-0: Fly out, F8 (Line Drive, 8RM)
Batting: RHB Randall Thomas 0-0: Ball
1-0: Ball
2-0: Called Strike
2-1: Ball
3-1: Swinging Strike
3-2: SINGLE (Groundball, 34D)
Batting: LHB John Skorochocki 0-0: Fly out, F8 (Flyball, 8RS)
Bottom of the 5th over - 0 runs, 1 hit, 0 errors, 1 left on base; Ogden 7 - Williston 1
TOP OF THE 6TH
Ogden Spikes batting - Pitching for Williston Water Wolves : LHP Steven Sitek
Batting: RHB Kalvin Adams 0-0: Ball
1-0: SINGLE (Flyball, 9S)
Pitching: RHP Bill Ross
Batting: RHB George Goodrich 0-0: Ball
1-0: Fly out, F6 (Popup, 6M)
Batting: RHB Craig Landis 0-0: Foul Ball, location: 2F
0-1: Ball
1-1: Ball
2-1: Foul Ball, location: 2F
2-2: Fly out, F9 (Flyball, 9S)
Batting: LHB Mike Scioscia 0-0: Swinging Strike
0-1: Foul Ball, location: 2F
0-2: Ball
1-2: Foul Ball, location: 2F
1-2: Fly out, F8 (Flyball, 8RD)
Top of the 6th over - 0 runs, 1 hit, 0 errors, 1 left on base; Ogden 7 - Williston 1
BOTTOM OF THE 6TH
Williston Water Wolves batting - Pitching for Ogden Spikes : LHP Gregory Eastin
Batting: RHB James Christensen 0-0: Ball
1-0: Foul Ball, location: 2F
1-1: SINGLE (Groundball, 56D)
Batting: RHB Daniel Morales 0-0: Grounds into double play, 5-4-3 (Groundball, 56)
Batting: RHB Wynn Sherman 0-0: Called Strike
0-1: Ball
1-1: Foul Ball, location: 2F
1-2: Ball
2-2: SINGLE (Flyball, 78S)
Batting: RHB Rick Patterson 0-0: Swinging Strike
0-1: Called Strike
0-2: Ball
1-2: Ball
2-2: Foul Ball, location: 2F
2-2: Ball
3-2: Base on Balls
Wynn Sherman to second
Batting: LHB Jesus Sandoval 0-0: Fly out, F9 (Flyball, 9)
Bottom of the 6th over - 0 runs, 2 hits, 0 errors, 2 left on base; Ogden 7 - Williston 1
TOP OF THE 7TH
Ogden Spikes batting - Pitching for Williston Water Wolves : RHP Bill Ross
Batting: LHB Sal Rende 0-0: Ball
1-0: Ball
2-0: Ball
3-0: Base on Balls
Batting: LHB Leon Durham 0-0: Ball
1-0: DOUBLE (Line Drive, 78M)
Sal Rende to third
Batting: RHB Dennis Littlejohn 0-0: Swinging Strike
0-1: Foul Ball, location: 2F
0-2: Ball
1-2: SINGLE (Groundball, 4D)
Sal Rende scores
Leon Durham to third
Runner from 3rd tries for Home, SAFE, throw by CF to home
Dennis Littlejohn to second
Pinch Hitting: SHB Gary N Cooper 0-0: Ball
1-0: Fly out, F7 (Flyball, 7LS)
Pinch Hitting: LHB Art Miles 0-0: Ball
1-0: Called Strike
1-1: Called Strike
1-2: Ball
2-2: SINGLE (Flyball, 4MD) - OUT at second base trying to stretch hit.
Dennis Littlejohn scores
Batting: RHB Kalvin Adams 0-0: Fly out, F8 (Flyball, 8LM)
Top of the 7th over - 3 runs, 3 hits, 0 errors, 0 left on base; Ogden 10 - Williston 1
BOTTOM OF THE 7TH
Williston Water Wolves batting - Pitching for Ogden Spikes : LHP Gregory Eastin
Now at SS: Art Miles
Now in CF: Michael McCarron
Batting: RHB Juan Alvarez 0-0: Swinging Strike
0-1: Ball
1-1: Ball
2-1: Swinging Strike
2-2: Ground out 5-3 (Groundball, 56)
Batting: LHB Armando Ortiz 0-0: Called Strike
0-1: Called Strike
0-2: Ball
1-2: Foul Ball, location: 2F
1-2: Ground out 1-3 (Groundball, 34S)
Batting: RHB Randall Thomas 0-0: Called Strike
0-1: Ball
1-1: Foul Ball, location: 2F
1-2: Ball
2-2: Ball
3-2: Foul Ball, location: 2F
3-2: SINGLE (Groundball, 56D)
Pinch Hitting: RHB Allen Leech 0-0: Foul Ball, location: 2F
0-1: Called Strike
0-2: Ball
Randall Thomas steals 2nd base (no throw)
1-2: Ball
2-2: Foul Ball, location: 2F
2-2: DOUBLE (Groundball, 5L)
Randall Thomas scores
Pinch Hitting: RHB William Kissell 0-0: Ball
1-0: Ground out 6-3 (Groundball, 6)
Bottom of the 7th over - 1 run, 2 hits, 0 errors, 1 left on base; Ogden 10 - Williston 2
TOP OF THE 8TH
Ogden Spikes batting - Pitching for Williston Water Wolves : RHP Bill Ross
Now at 2B: William Kissell
Now at SS: Allen Leech
Pinch Hitting: RHB Robert Pappageorgas 0-0: Swinging Strike
0-1: Ball
1-1: Foul Ball, location: 2F
1-2: Fly out, F9 (Line Drive, 9)
Pinch Hitting: RHB Daniel Monzon 0-0: Ball
1-0: Ball
2-0: Ball
3-0: Base on Balls
Batting: LHB Mike Scioscia 0-0: Ball
1-0: Ball
2-0: Ball
3-0: Called Strike
3-1: Foul Ball, location: 2F
3-2: Base on Balls
Daniel Monzon to second
Batting: LHB Sal Rende 0-0: Ball
1-0: Swinging Strike
1-1: Ball
2-1: Ball
3-1: Called Strike
3-2: Base on Balls
Daniel Monzon to third
Mike Scioscia to second
Pinch Hitting: RHB Leonardo Ortiz 0-0: Called Strike
0-1: Ball
1-1: SINGLE (Groundball, 6MD)
Daniel Monzon scores
Mike Scioscia to third
Sal Rende to second
Runner from 3rd tries for Home, SAFE, throw by CF to home
Batting: RHB Dennis Littlejohn 0-0: Called Strike
0-1: Foul Ball, location: 2F
0-2: Fly out, F9 (Flyball, 9S)
Batting: LHB Michael McCarron 0-0: Foul Ball, location: 2F
0-1: Ball
1-1: Ball
2-1: Foul Ball, location: 2F
2-2: Reached on error, E2 (Groundball, 15S)
Sal Rende scores
Leonardo Ortiz to third
Pitching: RHP Michael Wardlow
Batting: LHB Art Miles 0-0: Swinging Strike
0-1: SINGLE (Groundball, 56D)
Leonardo Ortiz scores
Michael McCarron to third
Runner from 3rd tries for Home, SAFE, no throw by LF
Batting: RHB Kalvin Adams 0-0: Ball
1-0: Ball
2-0: Ball
3-0: Base on Balls
Art Miles to second
Batting: RHB Robert Pappageorgas 0-0: Swinging Strike
0-1: Ball
1-1: Fly out, F9 (Flyball, 89M)
Top of the 8th over - 5 runs, 2 hits, 1 error, 2 left on base; Ogden 15 - Williston 2
BOTTOM OF THE 8TH
Williston Water Wolves batting - Pitching for Ogden Spikes : LHP Gregory Eastin
Now at 3B: Daniel Monzon
Now at SS: Robert Pappageorgas
Now in LF: Anthony Nicely
Batting: RHB Daniel Morales 0-0: Swinging Strike
0-1: Called Strike
0-2: Fly out, F9 (Flyball, 9S)
Batting: RHB Wynn Sherman 0-0: Ball
1-0: Ball
2-0: Ball
3-0: Base on Balls
Batting: RHB Rick Patterson 0-0: Ball
1-0: Foul Ball, location: 2F
1-1: Ball
2-1: Foul Ball, location: 2F
2-2: Foul Ball, location: 2F
2-2: Ground out 3-1 (Groundball, 34S)
Wynn Sherman to second
Pinch Hitting: RHB Tom Zimmer 0-0: Foul Ball, location: 2F
0-1: Ball
1-1: Foul Ball, location: 2F
1-2: Fly out, F7 (Flyball, 7S)
Bottom of the 8th over - 0 runs, 0 hits, 0 errors, 1 left on base; Ogden 15 - Williston 2
TOP OF THE 9TH
Ogden Spikes batting - Pitching for Williston Water Wolves : RHP Michael Wardlow
Now at 1B: Julio Rodriguez
Batting: RHB Daniel Monzon 0-0: Fly out, F6 (Popup, 6M)
Pinch Hitting: RHB Eddie Hernandez 0-0: Called Strike
0-1: Called Strike
0-2: Ball
1-2: Ground out U3 (Groundball, 34)
Batting: LHB Sal Rende 0-0: Ball
1-0: Foul Ball, location: 2F
1-1: Ball
2-1: Swinging Strike
2-2: Ground out 1-3 (Groundball, 15)
Top of the 9th over - 0 runs, 0 hits, 0 errors, 0 left on base; Ogden 15 - Williston 2
BOTTOM OF THE 9TH
Williston Water Wolves batting - Pitching for Ogden Spikes : LHP Gregory Eastin
Now at C: Eddie Hernandez
Now at 3B: James Dyer
Batting: RHB Juan Alvarez 0-0: Called Strike
0-1: Ball
1-1: Ground out 4-3 (Groundball, 34)
Batting: LHB Armando Ortiz 0-0: Called Strike
0-1: Foul Ball, location: 2F
0-2: SINGLE (Groundball, 25) (infield hit)
Batting: RHB Randall Thomas 0-0: Ball
1-0: Called Strike
1-1: Fly out, F7 (Flyball, 7D)
Batting: RHB Allen Leech 0-0: Ball
1-0: Ball
2-0: Called Strike
2-1: Foul Ball, location: 2F
2-2: Ball
3-2: Foul Ball, location: 2F
3-2: Fly out, F9 (Flyball, 9D)
Bottom of the 9th over - 0 runs, 1 hit, 0 errors, 1 left on base; Ogden 15 - Williston 2
Thursday, January 24th, 2019 - OOTP Baseball 19.13 Build 132